 Dungeon Crawl Stone Soup version 0.26-a0-812-g31a745ddcd (webtiles) character file.

Game seed: 13728597975627967152

5857 kae the Martial Artist (level 10, 0/60 HPs)
             Began as a Tengu Transmuter on Nov 23, 2020.
             Was a Priest of Wu Jian.
             Slain by an iguana (11 damage)
             ... on level 10 of the Dungeon.
             The game lasted 00:12:50 (13981 turns).

kae the Martial Artist (Tengu Transmuter)          Turns: 13981, Time: 00:12:51

Health: 0/60       AC:  2    Str: 13    XL:     10   Next: 81%
Magic:  16/19      EV: 32    Int: 14    God:    Wu Jian [***...]
Gold:   508        SH:  0    Dex: 20    Spells: 7/20 levels left

rFire    . . .     SeeInvis +     - Unarmed
rCold    . . .     Faith    .   (shield currently unavailable)
rNeg     . . .     Spirit   .   (armour currently unavailable)
rPois    x         Reflect  .   (helmet currently unavailable)
rElec    .         Harm     .   (cloak currently unavailable)
rCorr    .         Rampage  .   (gloves currently unavailable)
MR       .....                  (boots unavailable)
Stlth    +++.......             (no amulet)
HPRegen  0.20/turn              m - ring of see invisible
MPRegen  0.16/turn              i - ring of stealth

@: spider-form (expiring), flying quickly and evasively, quick
A: tiny, able to fly
a: Stop Flying, End Transformation, Wall Jump, Serpent's Lash, Renounce Religion


You were on level 10 of the Dungeon.
You worshipped Wu Jian.
Wu Jian was most pleased with you.
You were a venomous arachnid creature.
You visited 2 branches of the dungeon, and saw 11 of its levels.

You collected 508 gold pieces.

Inventory:

Armour
 a - a +1 robe (melded)
 y - the +0 pair of gloves "Qic Ating" (melded) {rC+ Str+4}
   (You found it on level 8 of the Dungeon)

   It affects your strength (+4).
   It protects you from cold.
Jewellery
 i - a ring of stealth (right front leg)
 m - a ring of see invisible (left front leg)
Wands
 b - a wand of random effects (41)
 q - a wand of paralysis (3)
 s - a wand of digging (3)
 t - a wand of enslavement (4)
 B - a wand of flame (25)
Scrolls
 c - 2 scrolls of immolation
 d - 3 scrolls of teleportation
 h - 3 scrolls of fog
 r - a scroll of remove curse
 u - a scroll of enchant armour
 v - a scroll of blinking
 D - a scroll of fear
Potions
 e - 2 potions of lignification
 f - 4 potions of mutation {unknown}
 g - 3 potions of might {unknown}
 j - a potion of ambrosia
 k - a potion of cancellation
 l - 3 potions of brilliance {unknown}
 n - a potion of magic {unknown}
 w - 2 potions of invisibility
 x - a potion of haste {unknown}
 z - a potion of attraction


   Skills:
 + Level 5.9 Fighting
 + Level 6.9 Dodging
 * Level 9.9 Unarmed Combat
 + Level 5.9 Spellcasting
 * Level 7.3 Transmutations


You had 7 spell levels left.
You knew the following spells:

 Your Spells              Type           Power        Failure   Level
a - Beastly Appendage     Tmut           ###...       4%          1
b - Spider Form           Tmut/Pois      ##........   26%         3
c - Blade Hands           Tmut           ###.......   43%         5
d - Ice Form              Ice/Tmut       ##......     56%         4

Your spell library contained the following spells:

 Spells                   Type           Power        Failure   Level
 Wereblood                Tmut           ###.....     5%          2


Dungeon Overview and Level Annotations

Branches:
Dungeon (10/15)            Temple (1/1) D:4            Lair (0/6) D:9
    Orc: D:9-12

Altars:
Ashenzari
Cheibriados
Dithmenos
Elyvilon
Fedhas
Gozag
Hepliaklqana
Kikubaaqudgha
Makhleb
Nemelex Xobeh
Okawaru
Qazlal
Ru
Sif Muna
Trog
Uskayaw
Vehumet
Wu Jian
Xom
Yredelemnul
Zin
The Shining One

Shops:
D:10 }

Annotations:
D:4 3 runed translucent doors, End1zNear's ghost, amateur MiFi; emiel's ghost, amateur DsWn; mhoghedin's ghost, amateur PaWz; sammydre's ghost, amateur HOAK
D:5 exclusion: hornet
D:7 Maggie
D:9 exclusion: two-headed ogre
D:10 1 transporter, bmj180's ghost, novice DrCj


Innate Abilities, Weirdness & Mutations

((You have a beak for a mouth.))
((You have claws for feet.))
You can fly continuously.


Message History

The Council accepts your kill.
You start resting.
Your transformation has ended.
The +0 pair of gloves "Qic Ating" {rC+ Str+4} unmelds from your body.
Your +1 robe unmelds from your body.
An iguana is nearby!
An iguana is nearby!
An iguana is nearby!
Casting: Spider Form (dangerous; 11% risk of failure)
Confirm with . or Enter, or press ? or * to list all spells.
You turn into a venomous arachnid creature.
The +0 pair of gloves "Qic Ating" {rC+ Str+4} melds into your body.
Your +1 robe melds into your body.
The iguana hisses angrily.
Your transformation is almost over.
You lunge at the iguana, in a flurry of attacks.
You barely miss the iguana. You hit the iguana.
The iguana is moderately wounded.
The iguana bites you!
You die...

........##..........#...#
..©......##..........#.....
#######..##.....##...#......
.?!).8##........##...#......
......#........##...#
.......#.##.##..##...#
.........#.##.##..##...#
#....©....#.##l##..# #......
#.........#.##s##..##...#......
#.........#.##)##..##...#......
#.......cJ#.##)##..##...#.....o
##8...ZW8##.##.##..##...#......
.#########..##.##..##...#.l....
.....©.....###.##..##...#.o....
###....##.# #.##..##...#......
##...##.###.##..##...#o.....
#.............o.oo.........


You could see an iguana.

Vanquished Creatures
  A troll (D:9)
  Grinder (D:6)
  A wraith (D:9)
  5 yaks (D:9)
  3 wyverns (D:9)
  5 water moccasins
  4 ice beasts
  2 orc warriors (D:10)
  2 phantoms
  3 ogres
  4 centaurs
  6 bullfrogs
  5 scorpions
  5 wights (D:8)
  6 howler monkeys
  A bullfrog zombie (D:5)
  7 jellies
  A quasit (D:10)
  A centaur zombie (D:5)
  5 hounds
  3 orc priests
  5 orc wizards
  A bullfrog skeleton (D:7)
  3 iguanas
  6 worker ants
  3 gnolls (D:7)
  A howler monkey skeleton (D:7)
  8 adders
  A shadow imp (D:8)
  3 white imps
  2 ufetubi
  12 oozes
  3 adder skeletons
  An adder zombie (D:9)
  5 worms
  A dart slug (D:4)
  3 leopard geckos
  23 orcs
  4 giant cockroaches
  4 hobgoblins
  7 jackals
  8 quokkas
  8 bats
  4 frilled lizards
  7 goblins
  2 jackal skeletons (D:4)
  12 kobolds
  A leopard gecko skeleton (D:6)
  A quokka skeleton (D:4)
  7 rats
217 creatures vanquished.

Vanquished Creatures (others)
  11 fungi
  22 plants
  6 toadstools (D:3)
39 creatures vanquished.

Grand Total: 256 creatures vanquished

Notes
Turn   | Place    | Note
-------+----------+-------------------------------------------
     0 | D:1      | kae the Tengu Transmuter began the quest for the Orb.
     0 | D:1      | Reached XP level 1. HP: 12/12 MP: 4/4
   445 | D:1      | Reached XP level 2. HP: 16/16 MP: 6/6
   966 | D:2      | Found a sacrificial altar of Ru.
  1212 | D:2      | Reached XP level 3. HP: 10/20 MP: 5/7
  1217 | D:2      | Learned a level 3 spell: Spider Form
  2163 | D:3      | Reached skill level 4 in Unarmed Combat
  2163 | D:3      | Reached XP level 4. HP: 15/25 MP: 4/8
  2231 | D:3      | Gained mutation: You can fly continuously. [Tengu growth]
  2231 | D:3      | Reached XP level 5. HP: 15/30 MP: 5/9
  3322 | D:4      | Found a hazy altar of Hepliaklqana.
  4218 | D:4      | Reached XP level 6. HP: 12/35 MP: 11/11
  4576 | D:4      | Found a staircase to the Ecumenical Temple.
  4589 | D:4      | Found a shadowy altar of Dithmenos.
  4589 | D:4      | Noticed a shadow
  4905 | Temple   | Entered the Ecumenical Temple
  5082 | Temple   | Became a worshipper of the Wu Jian Council
  5164 | D:4      | Noticed a phantom
  5295 | D:4      | Found a runed translucent gate.
  5295 | D:4      | Found a runed translucent gate.
  5295 | D:4      | Found a runed translucent gate.
  5346 | D:4      | Noticed End1zNear's ghost (amateur MiFi)
  5347 | D:4      | Noticed mhoghedin's ghost (amateur PaWz)
  5347 | D:4      | Noticed emiel's ghost (amateur DsWn)
  5347 | D:4      | Noticed sammydre's ghost (amateur HOAK)
  5478 | D:5      | Entered Level 5 of the Dungeon
  5821 | D:5      | Reached skill level 5 in Unarmed Combat
  5882 | D:5      | Reached XP level 7. HP: 21/40 MP: 4/12
  6242 | D:5      | Noticed a hornet
  7170 | D:6      | Found a bloodstained altar of Trog.
  7263 | D:6      | HP: 2/41 [leopard gecko skeleton (1)]
  7266 | D:6      | Reached skill level 6 in Unarmed Combat
  7266 | D:6      | Reached XP level 8. HP: 3/46 MP: 12/14
  7709 | D:6      | Noticed Grinder
  7726 | D:6      | Killed Grinder
  7888 | D:6      | Noticed a moth of wrath
  7933 | D:6      | Found a bloodstained altar of Trog.
  8445 | D:7      | Found a glowing silver altar of Zin.
  8445 | D:7      | Noticed Maggie
  8956 | D:7      | Reached skill level 5 in Transmutations
  9006 | D:7      | Learned a level 5 spell: Blade Hands
  9011 | D:7      | Learned a level 4 spell: Ice Form
  9046 | D:7      | Reached * piety under Wu Jian
  9046 | D:7      | Reached skill level 7 in Unarmed Combat
  9241 | D:7      | Reached skill level 5 in Dodging
  9241 | D:7      | Reached XP level 9. HP: 52/52 MP: 12/16
  9821 | D:7      | Found a snail-covered altar of Cheibriados.
  9824 | D:7      | Found a blossoming altar of Fedhas.
 10098 | D:8      | Noticed a brown ugly thing
 10797 | D:8      | Reached skill level 8 in Unarmed Combat
 11437 | D:8      | Got a pair of ichor-stained gloves
 11443 | D:8      | Identified the +0 pair of gloves "Qic Ating" {rC+ Str+4}
                  | (You found it on level 8 of the Dungeon)
 11618 | D:8      | Reached skill level 5 in Spellcasting
 11930 | D:9      | Found a bloodstained altar of Trog.
 12039 | D:9      | Reached ** piety under Wu Jian
 12138 | D:9      | Reached skill level 5 in Fighting
 12144 | D:9      | Reached XP level 10. HP: 59/59 MP: 16/18
 12155 | D:9      | Reached skill level 9 in Unarmed Combat
 12461 | D:9      | Found a staircase to the Lair.
 12858 | D:9      | Noticed a two-headed ogre
 13227 | D:10     | Entered Level 10 of the Dungeon
 13309 | D:10     | Reached *** piety under Wu Jian
 13456 | D:10     | Found Zuceciz's Gadget Emporium.
 13900 | D:10     | Noticed bmj180's ghost (novice DrCj)
 13902 | D:10     | Found a transporter.
 13981 | D:10     | Slain by an iguana

Illustrated notes

Levels and vault maps discovered:
D:1:      minmay_arrival_five_plusses, layout_basic
D:2:      layout_rooms, nicolae_ru_sacrificial_ziggurat
D:3:      cheibrodos_fertilizer, layout_basic
D:4:      layout_gridville, riverfiend_overflow_shadow_ancestor, temple_doors_e,
          gammafunk_ghost_cemetery, minmay_cut_off
D:5:      layout_basic
D:6:      layout_cave_pools, tgw_trog, serial_column_ruins,
          column_ruins_temple_hall, column_ruins_open_small,
          column_ruins_columns_dead_end, column_ruins_open_tiny,
          column_ruins_open_tiny, column_ruins_grid_3, column_ruins_grid_1,
          uniq_grinder
D:7:      layout_basic, gammafunk_temple_overflow_forgotten, uniq_maggie
D:8:      layout_loops_ring
D:9:      layout_basic, minmay_lair_entry_grove, basic_altar,
          hangedman_little_slice_of_home
D:10:     layout_long_grid, orc_david_3, serial_shops, nicolae_shop_crystal,
          gammafunk_ghost_arena
Temple:   eino_temple_scatter_basement

Skill      XL: |  1  2  3  4  5  6  7  8  9 10 |
---------------+-------------------------------+-----
Transmutations | 2 3 4 5 6 7 |  7.3
Unarmed Combat | 4 5 6 7 8 9 |  9.9
Dodging        | 3 4 5 6 |  6.9
Fighting       | 2 3 4 5 |  5.9
Spellcasting   | 3 4 5 |  5.9

Action                   |  1- 3 |  4- 6 |  7- 9 | 10-12 || total
-------------------------+-------+-------+-------+-------++-------
Melee: Unarmed           |    77 |   142 |   376 |   179 ||   774
       Kick              |    23 |    46 |    65 |     7 ||   141
       Headbutt          |     6 |    11 |    26 |       ||    43
       Peck              |     9 |    15 |    47 |     2 ||    73
       Punch             |       |       |     7 |       ||     7
 Cast: Beastly Appendage |    15 |    29 |    36 |       ||    80
       Spider Form       |     1 |     5 |    22 |    21 ||    49
       Blade Hands       |       |       |     1 |       ||     1
Invok: Lunge             |       |     5 |    19 |    13 ||    37
       Whirlwind         |       |       |     7 |       ||     7
 Abil: Fly               |       |     1 |       |       ||     1
  Use: Scroll            |     5 |     2 |    11 |     4 ||    22
       Potion            |       |     2 |     1 |     1 ||     4
 Stab: Sleeping          |     1 |     3 |     7 |     2 ||    13
Armor: Robe              |    12 |     8 |    11 |     2 ||    33
       Skin              |     1 |       |     2 |     5 ||     8
Dodge: Dodged            |    63 |   140 |   300 |   183 ||   686

Table legend: (Time is in decaauts)
 A = Elapsed time spent in this place.
 B = Non-inter-level travel time spent in this place.
 C = Inter-level travel time spent in this place.
 D = Time resting spent in this place.
 E = Time spent auto-exploring this place.
 F = Levels seen in this place.
 G = Mean time per level.
                   A        B        C        D        E       F      G
               +--------+--------+--------+--------+--------+-----+--------+
         Total |  13410 |  13007 |    403 |   2158 |   8983 |  11 | 1219.1 |
       Dungeon |  13234 |  12874 |    360 |   2158 |   8851 |  10 | 1323.4 |
        Temple |    176 |    134 |     42 |      0 |    131 |   1 |  176.0 |
               +--------+--------+--------+--------+--------+-----+--------+

Top non-repeatable levels by time:
     D:3: 2201 daAuts
     D:6: 1578 daAuts
     D:7: 1530 daAuts
     D:4: 1520 daAuts
     D:8: 1511 daAuts
     D:9: 1418 daAuts
     D:5: 1358 daAuts
     D:1: 926 daAuts
     D:2: 670 daAuts
    D:10: 519 daAuts
  Temple: 176 daAuts
